SAAA
PAWNEE PARKSNREC @ MEMPHIS REDBIRDS
06/22/2037
 
TOP OF THE 1ST
Pawnee ParksNRec batting - Pitching for Memphis Redbirds : RHP Todd Denton
Pitching: RHP Todd Denton
Batting: RHB Sherman N'Dir 0-0: Called Strike
0-1: Foul Ball, location: 2F
0-2: Ball
1-2: Ball
2-2: DOUBLE (Line Drive, 5D, EV 105.6 MPH)
Batting: RHB Josh Mawdesley 0-0: Called Strike
0-1: Ball
1-1: Swinging Strike
1-2: Strikes out looking
Batting: RHB Alan Patterson 0-0: Ball
1-0: Ground out 1-3 (Groundball, 13, EV 84.4 MPH)
Sherman N'Dir to third
Batting: RHB Xi-ku See-to 0-0: Called Strike
0-1: Foul Ball, location: 2F
0-2: Ball
1-2: Ball
2-2: Fly out, F2 (Popup, 2RF, EV 88.8 MPH)
Top of the 1st over - 0 runs, 1 hit, 0 errors, 1 left on base; Pawnee 0 - Memphis 0
BOTTOM OF THE 1ST
Memphis Redbirds batting - Pitching for Pawnee ParksNRec : LHP Dan Craggs
Pitching: LHP Dan Craggs
Batting: RHB Brian Rowe 0-0: Foul Ball, location: 2F
0-1: Ball
1-1: Fly out, F8 (Line Drive, 8RM, EV 100.6 MPH)
Batting: RHB Ken Barger 0-0: Foul Ball, location: 2F
0-1: SOLO HOME RUN (Flyball, 7D, EV 111.9 MPH), Distance : 383 ft
Batting: LHB Bob Sanders 0-0: Foul Ball, location: 2F
0-1: Ball
1-1: SINGLE (Groundball, 3D, EV 98.1 MPH)
Batting: RHB Cornelio Japón 0-0: Ball
1-0: Called Strike
1-1: Ball
2-1: Grounds into double play, 5-4-3 (Groundball, 56, EV 108.1 MPH)
Bottom of the 1st over - 1 run, 2 hits, 0 errors, 0 left on base; Pawnee 0 - Memphis 1
TOP OF THE 2ND
Pawnee ParksNRec batting - Pitching for Memphis Redbirds : RHP Todd Denton
Batting: RHB Ken Bone 0-0: DOUBLE (Groundball, 5L, EV 108.8 MPH)
Batting: RHB Fletcher Megarity 0-0: Ball
1-0: Ball
2-0: Ball
3-0: Called Strike
3-1: Base on Balls
Batting: RHB Charles Atkinson 0-0: Ball
1-0: SINGLE (Line Drive, 78S, EV 98.8 MPH)
Ken Bone to third
Fletcher Megarity to second
Batting: RHB Stan Wheeler 0-0: Ball
1-0: Foul Ball, location: 2F
1-1: Ball
2-1: Foul Ball, location: 2F
2-2: Ball
3-2: Fly out, F9 (Flyball, 89M, EV 90.0 MPH)
Runner from 3rd tags up, SCORES, throw by RF
Fletcher Megarity to third
Batting: RHB John Alexander 0-0: Called Strike
0-1: Foul Ball, location: 7LSF, Error on foul ball, E7
0-2: SINGLE (Line Drive, 4D, EV 99.4 MPH)
Fletcher Megarity scores
Charles Atkinson to second
Batting: RHB Sherman N'Dir 0-0: Ball
1-0: SINGLE (Line Drive, 6MD, EV 94.4 MPH)
Charles Atkinson to third
John Alexander to second
Batting: RHB Josh Mawdesley 0-0: Ball
1-0: Foul Ball, location: 2F
1-1: Grounds into double play, 6-4-3 (Groundball, 6M, EV 88.1 MPH)
Top of the 2nd over - 2 runs, 4 hits, 1 error, 2 left on base; Pawnee 2 - Memphis 1
BOTTOM OF THE 2ND
Memphis Redbirds batting - Pitching for Pawnee ParksNRec : LHP Dan Craggs
Batting: RHB Alco Compagne 0-0: Called Strike
0-1: Swinging Strike
0-2: Ball
1-2: Foul Ball, location: 2F
1-2: Fly out, F7 (Flyball, 7LSF, EV 91.9 MPH)
Batting: RHB Hamilton Swan 0-0: Called Strike
0-1: Ball
1-1: Fly out, F9 (Line Drive, 9D, EV 85.6 MPH)
Batting: LHB Manuel Estrada 0-0: Ball
1-0: Called Strike
1-1: Ball
2-1: Foul Ball, location: 2F
2-2: Foul Ball, location: 2F
2-2: Ball
3-2: DOUBLE (Line Drive, 3D, EV 102.5 MPH)
Batting: SHB Chris Piña 0-0: Called Strike
0-1: Fly out, F8 (Flyball, 8RS, EV 85.6 MPH)
Bottom of the 2nd over - 0 runs, 1 hit, 0 errors, 1 left on base; Pawnee 2 - Memphis 1
TOP OF THE 3RD
Pawnee ParksNRec batting - Pitching for Memphis Redbirds : RHP Todd Denton
Batting: RHB Alan Patterson 0-0: Called Strike
0-1: Ball
1-1: Ball
2-1: Fly out, F5 (Line Drive, 5, EV 76.9 MPH)
Batting: RHB Xi-ku See-to 0-0: Fly out, F8 (Line Drive, 8RD, EV 85.6 MPH)
Batting: RHB Ken Bone 0-0: Ball
1-0: Called Strike
1-1: Ball
2-1: Ball
3-1: Called Strike
3-2: Base on Balls
Batting: RHB Fletcher Megarity 0-0: Ball
1-0: Foul Ball, location: 2F
1-1: Ball
2-1: Ball
3-1: Fielders Choice at 2nd, 6-4 (Groundball, 56D, EV 110.0 MPH)
Top of the 3rd over - 0 runs, 0 hits, 0 errors, 1 left on base; Pawnee 2 - Memphis 1
BOTTOM OF THE 3RD
Memphis Redbirds batting - Pitching for Pawnee ParksNRec : LHP Dan Craggs
Batting: LHB Joe Davidson 0-0: Ball
1-0: Ball
2-0: Called Strike
2-1: Foul Ball, location: 2F
2-2: SINGLE (Groundball, 34D, EV 103.8 MPH)
Batting: RHB Brian Rowe 0-0: Fly out, F8 (Line Drive, 8RD, EV 101.9 MPH)
Batting: RHB Ken Barger 0-0: Called Strike
0-1: Fielders Choice at 2nd, 6-4 (Groundball, 6, EV 105.0 MPH)
Batting: LHB Bob Sanders 0-0: Foul Ball, location: 2F
0-1: Ball
1-1: Foul Ball, location: 2F
1-2: Ball
2-2: SINGLE (Groundball, 3, EV 91.2 MPH) (infield hit)
Ken Barger to second
Batting: RHB Cornelio Japón 0-0: Called Strike
0-1: Fly out, F8 (Line Drive, 8LD, EV 88.8 MPH)
Bottom of the 3rd over - 0 runs, 2 hits, 0 errors, 2 left on base; Pawnee 2 - Memphis 1
TOP OF THE 4TH
Pawnee ParksNRec batting - Pitching for Memphis Redbirds : RHP Todd Denton
Batting: RHB Charles Atkinson 0-0: Ball
1-0: Ball
2-0: Called Strike
2-1: Ball
3-1: DOUBLE (Flyball, 89D, EV 113.1 MPH)
Batting: RHB Stan Wheeler 0-0: Ball
1-0: Ball
2-0: Ball
3-0: Foul Ball, location: 2F
3-1: Base on Balls
Batting: RHB John Alexander Pickoff Throw to Second - Error! E1
Charles Atkinson to third
Stan Wheeler to second
0-0: Ball
1-0: Ball
2-0: Called Strike
2-1: Ball
3-1: Base on Balls
Batting: RHB Sherman N'Dir 0-0: Ball
1-0: Ball
2-0: Ball
3-0: Base on Balls
Charles Atkinson scores
Stan Wheeler to third
John Alexander to second
Batting: RHB Josh Mawdesley 0-0: Ball
1-0: Ball
2-0: Foul Ball, location: 2F
2-1: Fly out, F8 (Line Drive, 8LM, EV 105.0 MPH)
Runner from 3rd tags up, SCORES, no throw by CF
Batting: RHB Alan Patterson 0-0: Ball
1-0: Ball
2-0: Ball
3-0: Base on Balls
John Alexander to third
Sherman N'Dir to second
Batting: RHB Xi-ku See-to 0-0: Ball
1-0: GRAND SLAM HOME RUN (Flyball, 7D, EV 91.9 MPH), Distance : 366 ft
Pitching: RHP George Kane
Batting: RHB Ken Bone 0-0: Called Strike
0-1: SINGLE (Groundball, 4MD, EV 101.9 MPH)
Batting: RHB Fletcher Megarity 0-0: Called Strike
0-1: Called Strike
0-2: Foul Ball, location: 2F
0-2: Ball
1-2: Grounds into double play, 6-4-3 (Groundball, 6, EV 82.5 MPH)
Top of the 4th over - 6 runs, 3 hits, 1 error, 0 left on base; Pawnee 8 - Memphis 1
BOTTOM OF THE 4TH
Memphis Redbirds batting - Pitching for Pawnee ParksNRec : LHP Dan Craggs
Batting: RHB Alco Compagne 0-0: Ball
1-0: Ground out 5-3 (Groundball, 56, EV 90.0 MPH)
Batting: RHB Hamilton Swan 0-0: Ball
1-0: Ball
2-0: Ball
3-0: Called Strike
3-1: Foul Ball, location: 2F
3-2: Strikes out swinging
Batting: LHB Manuel Estrada 0-0: Called Strike
0-1: Foul Ball, location: 2F
0-2: Foul Ball, location: 2F
0-2: Ball
1-2: Ball
2-2: Strikes out looking
Bottom of the 4th over - 0 runs, 0 hits, 0 errors, 0 left on base; Pawnee 8 - Memphis 1
TOP OF THE 5TH
Pawnee ParksNRec batting - Pitching for Memphis Redbirds : RHP George Kane
Batting: RHB Charles Atkinson 0-0: Called Strike
0-1: Ball
1-1: Ball
2-1: Ball
3-1: Base on Balls
Batting: RHB Stan Wheeler 0-0: Ball
1-0: Ball
2-0: Called Strike
2-1: Ball
3-1: Called Strike
3-2: Fielders Choice at 2nd, 6-4 (Groundball, 6, EV 93.1 MPH)
Batting: RHB John Alexander 0-0: Called Strike
0-1: Called Strike
0-2: Strikes out swinging
Batting: RHB Sherman N'Dir 0-0: Foul Ball, location: 2F
0-1: Foul Ball, location: 2F
0-2: Ball
1-2: Ball
2-2: Ball
3-2: Foul Ball, location: 2F
3-2: Fly out, F7 (Flyball, 7S, EV 76.2 MPH)
Top of the 5th over - 0 runs, 0 hits, 0 errors, 1 left on base; Pawnee 8 - Memphis 1
BOTTOM OF THE 5TH
Memphis Redbirds batting - Pitching for Pawnee ParksNRec : LHP Dan Craggs
Batting: SHB Chris Piña 0-0: Called Strike
0-1: Ball
1-1: Foul Ball, location: 2F
1-2: Ball
2-2: Fly out, F9 (Flyball, 9LS, EV 86.2 MPH)
Batting: LHB Joe Davidson 0-0: Ball
1-0: Ball
2-0: Ball
3-0: Called Strike
3-1: Base on Balls
Batting: RHB Brian Rowe 0-0: Ball
1-0: Ball
2-0: Ball
3-0: Base on Balls
Joe Davidson to second
Batting: RHB Ken Barger 0-0: Called Strike
0-1: Ball
1-1: Foul Ball, location: 2F
1-2: Ball
2-2: Ball
3-2: Foul Ball, location: 2F
3-2: Foul Ball, location: 2F
3-2: Base on Balls
Joe Davidson to third
Brian Rowe to second
Batting: LHB Bob Sanders 0-0: Ball
1-0: Foul Ball, location: 2F
1-1: Ball
2-1: Ball
3-1: SINGLE (Line Drive, 56, EV 97.5 MPH)
Joe Davidson scores
Brian Rowe to third
Ken Barger to second
Batting: RHB Cornelio Japón 0-0: Ball
1-0: Fielders Choice at 2nd, 6-4 (Groundball, 6, EV 98.1 MPH)
Brian Rowe scores
Ken Barger to third
Batting: RHB Alco Compagne 0-0: Called Strike
0-1: Ball
1-1: Ball
2-1: Ball
3-1: Foul Ball, location: 2F
3-2: Foul Ball, location: 2F
3-2: Ground out 6-3 (Groundball, 56, EV 96.2 MPH)
Bottom of the 5th over - 2 runs, 1 hit, 0 errors, 2 left on base; Pawnee 8 - Memphis 3
TOP OF THE 6TH
Pawnee ParksNRec batting - Pitching for Memphis Redbirds : RHP George Kane
Batting: RHB Josh Mawdesley 0-0: Ball
1-0: Ball
2-0: Fly out, F8 (Flyball, 8RS, EV 95.0 MPH)
Batting: RHB Alan Patterson 0-0: Called Strike
0-1: Ball
1-1: SINGLE (Line Drive, 6D, EV 103.8 MPH)
Batting: RHB Xi-ku See-to 0-0: Ball
1-0: Called Strike
1-1: Fielders Choice at 2nd, 3-6 (Groundball, 3, EV 77.5 MPH)
Batting: RHB Ken Bone Pickoff Throw to First - Error! E1
Xi-ku See-to to second
0-0: Ground out 6-3 (Groundball, 56, EV 103.8 MPH)
Top of the 6th over - 0 runs, 1 hit, 1 error, 1 left on base; Pawnee 8 - Memphis 3
BOTTOM OF THE 6TH
Memphis Redbirds batting - Pitching for Pawnee ParksNRec : LHP Dan Craggs
Batting: RHB Hamilton Swan 0-0: Ball
1-0: Foul Ball, location: 2F
1-1: Foul Ball, location: 2F
1-2: Fly out, F9 (Flyball, 9, EV 74.4 MPH)
Batting: LHB Manuel Estrada 0-0: Ball
1-0: Called Strike
1-1: Foul Ball, location: 2F
1-2: Foul Ball, location: 2F
1-2: Ball
2-2: Ground out 1-3 (Groundball, 13S, EV 73.8 MPH)
Batting: SHB Chris Piña 0-0: Ball
1-0: Ball
2-0: Ball
3-0: Base on Balls
Batting: LHB Joe Davidson 0-0: Called Strike
0-1: Called Strike
0-2: Strikes out swinging
Bottom of the 6th over - 0 runs, 0 hits, 0 errors, 1 left on base; Pawnee 8 - Memphis 3
TOP OF THE 7TH
Pawnee ParksNRec batting - Pitching for Memphis Redbirds : RHP George Kane
Batting: RHB Fletcher Megarity 0-0: Called Strike
0-1: Ground out 2-3 (Groundball, 13S, EV 75.6 MPH)
Batting: RHB Charles Atkinson 0-0: Ball
1-0: Ball
2-0: Foul Ball, location: 2F
2-1: Foul Ball, location: 2F
2-2: Strikes out swinging
Batting: RHB Stan Wheeler 0-0: Foul Ball, location: 2F
0-1: Foul Ball, location: 2F
0-2: Fly out, F3 (Popup, 3SF, EV 85.0 MPH)
Top of the 7th over - 0 runs, 0 hits, 0 errors, 0 left on base; Pawnee 8 - Memphis 3
BOTTOM OF THE 7TH
Memphis Redbirds batting - Pitching for Pawnee ParksNRec : LHP Dan Craggs
Batting: RHB Brian Rowe 0-0: Foul Ball, location: 2F
0-1: Ball
1-1: Swinging Strike
1-2: Foul Ball, location: 2F
1-2: Ground out 6-3 (Groundball, 6MS, EV 89.4 MPH)
Batting: RHB Ken Barger 0-0: Ball
1-0: Called Strike
1-1: Called Strike
1-2: Ball
2-2: Ball
3-2: Base on Balls
Pitching: LHP Walt Crouch
Batting: LHB Bob Sanders 0-0: Called Strike
0-1: Ball
1-1: Ball
2-1: SINGLE (Groundball, 4D, EV 103.8 MPH)
Ken Barger to second
Batting: RHB Cornelio Japón 0-0: Ball
1-0: Called Strike
1-1: Fielders Choice at 2nd, 6-4 (Groundball, 6, EV 83.1 MPH)
Ken Barger to third
Batting: RHB Alco Compagne 0-0: Ball
1-0: Fly out, F3 (Popup, 3F, EV 60.6 MPH)
Bottom of the 7th over - 0 runs, 1 hit, 0 errors, 2 left on base; Pawnee 8 - Memphis 3
TOP OF THE 8TH
Pawnee ParksNRec batting - Pitching for Memphis Redbirds : RHP George Kane
Batting: RHB John Alexander 0-0: Ball
1-0: Ball
2-0: Foul Ball, location: 2F
2-1: Ball
3-1: Base on Balls
Pitching: RHP António Colón
Batting: RHB Sherman N'Dir 0-0: Called Strike
0-1: Swinging Strike
0-2: Ball
1-2: Ball
2-2: Ball
3-2: Foul Ball, location: 2F
3-2: Strikes out swinging
Batting: RHB Josh Mawdesley 0-0: Ball
1-0: Ball
2-0: Ball
3-0: Base on Balls
John Alexander to second
Batting: RHB Alan Patterson 0-0: Ball
1-0: Ball
2-0: Foul Ball, location: 2F
2-1: Ball
Wild Pitch!
John Alexander to third
Josh Mawdesley to second
3-1: Base on Balls
Batting: RHB Xi-ku See-to 0-0: Foul Ball, location: 2F
0-1: Ball
1-1: Ball
2-1: Ball
3-1: Called Strike
3-2: Foul Ball, location: 2F
3-2: Foul Ball, location: 2F
3-2: Foul Ball, location: 2F
3-2: Base on Balls
John Alexander scores
Josh Mawdesley to third
Alan Patterson to second
Batting: RHB Ken Bone 0-0: Ball
1-0: Ball
2-0: Foul Ball, location: 2F
2-1: Ball
3-1: Called Strike
3-2: Foul Ball, location: 2F
3-2: Foul Ball, location: 2F
3-2: Strikes out swinging
Batting: RHB Fletcher Megarity 0-0: Called Strike
0-1: Foul Ball, location: 2F
0-2: Strikes out looking
Top of the 8th over - 1 run, 0 hits, 0 errors, 3 left on base; Pawnee 9 - Memphis 3
BOTTOM OF THE 8TH
Memphis Redbirds batting - Pitching for Pawnee ParksNRec : LHP Walt Crouch
Batting: RHB Hamilton Swan 0-0: Ball
1-0: Ground out 6-3 (Groundball, 6, EV 110.0 MPH)
Batting: LHB Manuel Estrada 0-0: Foul Ball, location: 2F
0-1: Ball
1-1: Ball
2-1: Ball
3-1: Base on Balls
Batting: SHB Chris Piña 0-0: Called Strike
0-1: Ball
1-1: SINGLE (Groundball, 34, EV 96.9 MPH) (infield hit)
Manuel Estrada to second
Batting: LHB Joe Davidson 0-0: Ball
1-0: Fly out, F8 (Flyball, 8LD, EV 76.9 MPH)
Batting: RHB Brian Rowe 0-0: SINGLE (Line Drive, 89S, EV 93.1 MPH)
Manuel Estrada to third
Chris Piña to second
Runner from 3rd tries for Home, SAFE, throw by RF to home
Batting: RHB Ken Barger 0-0: Ball
1-0: Called Strike
1-1: Ball
2-1: Ball
3-1: Ground out 2-3 (Groundball, 2L, EV 69.4 MPH)
Bottom of the 8th over - 1 run, 2 hits, 0 errors, 2 left on base; Pawnee 9 - Memphis 4
TOP OF THE 9TH
Pawnee ParksNRec batting - Pitching for Memphis Redbirds : RHP António Colón
Batting: RHB Charles Atkinson 0-0: Called Strike
0-1: Foul Ball, location: 2F
0-2: Strikes out swinging
Batting: RHB Stan Wheeler 0-0: Called Strike
0-1: Swinging Strike
0-2: Fly out, F4 (Line Drive, 4, EV 61.2 MPH)
Batting: RHB John Alexander 0-0: Ball
1-0: Foul Ball, location: 2F
1-1: Ball
2-1: Swinging Strike
2-2: Foul Ball, location: 2F
2-2: Ball
3-2: Base on Balls
Batting: RHB Sherman N'Dir 0-0: Fly out, F9 (Flyball, 9S, EV 83.1 MPH)
Top of the 9th over - 0 runs, 0 hits, 0 errors, 1 left on base; Pawnee 9 - Memphis 4
BOTTOM OF THE 9TH
Memphis Redbirds batting - Pitching for Pawnee ParksNRec : LHP Walt Crouch
Batting: LHB Bob Sanders 0-0: Called Strike
0-1: Ball
1-1: SINGLE (Groundball, 34D, EV 105.0 MPH)
Pitching: RHP Anthony Lang
Batting: RHB Cornelio Japón 0-0: Called Strike
0-1: Swinging Strike
0-2: Ball
1-2: Strikes out swinging
Batting: RHB Alco Compagne 0-0: Called Strike
0-1: Fly out, F7 (Flyball, 7LSF, EV 88.1 MPH)
Batting: RHB Hamilton Swan 0-0: Foul Ball, location: 2F
0-1: Fly out, F8 (Flyball, 78M, EV 77.5 MPH)
Bottom of the 9th over - 0 runs, 1 hit, 0 errors, 1 left on base; Pawnee 9 - Memphis 4
Thursday, January 23rd, 2020 - OOTP Baseball 20.8 Build 74